[Event "27th OIBM 2024"]
[Site "Gmund am Tegernsee"]
[Date "2024.10.29"]
[Round "4.41"]
[White "Forchert, Martin"]
[Black "Kather, Yannick"]
[Result "1-0"]
[ECO "B39"]
[WhiteElo "2316"]
[BlackElo "2108"]
[Annotator "RC"]
[PlyCount "98"]
[EventDate "2024.09.16"]
[EventType "swiss"]
[EventCountry "GER"]
[SourceTitle "playchess.com"]
[Source "ChessBase"]
[SourceQuality "1"]
[TimeControl "40/5400+30:1800+30"]

1. e4 c5 2. Nf3 Nc6 3. d4 cxd4 4. Nxd4 g6 5. c4 Nf6 6. Nc3 d6 7. f3 Nxd4 8. Qxd4 Bg7 9. Be3 O-O 10. Qd2 a5 11. b3 Bd7 12. Be2 Bc6 13. O-O Nd7 14. Rab1 Nc5 15. Rfc1 e6 16. Nb5 Be5 17. Bf1 f5 18. exf5 gxf5 19. Nd4 f4 20. Bf2 Bxd4 21. Bxd4 e5 22. Bc3 Rf6 23. Rd1 Rg6 24. Qf2 Qf8 25. Rb2 Ne6 26. c5 Nxc5 27. Bc4+ Ne6 28. Rbd2 b5 29. Rxd6 bxc4 30. Rxc6 e4 31. fxe4 f3 32. g3 cxb3 33. Rxe6 Rxe6 34. Qd4 Kf7 35. Qd5 Qh6 36. Qxa8 Qe3+ 37. Kh1 Qxc3 38. Rd7+ Re7 39. Qd5+ Kf8 40. Rd8+ Re8 41. Qd6+ Kg7 42. Qd7+ Kh6 43. Qh3+ Kg7 44. Rd7+ Re7 45. Qg4+ Kf7 46. Qh5+ Kg8 47. Qg5+ Kf8 48. Qh6+ Qg7 49. Rd8+ Re8 1-0

[Event "27th OIBM 2024"]
[Site "Gmund am Tegernsee"]
[Date "2024.10.29"]
[Round "4.42"]
[White "Hofmann, Lorenz"]
[Black "Kozlovic, Jernej"]
[Result "1-0"]
[ECO "C56"]
[WhiteElo "2105"]
[BlackElo "2313"]
[Annotator "RC"]
[PlyCount "57"]
[EventDate "2024.09.16"]
[EventType "swiss"]
[EventCountry "GER"]
[SourceTitle "playchess.com"]
[Source "ChessBase"]
[SourceQuality "1"]
[TimeControl "40/5400+30:1800+30"]

1. e4 e5 2. Bc4 Nf6 3. d4 exd4 4. Nf3 Nc6 5. e5 d5 6. Bb5 Ne4 7. Nxd4 Bd7 8. Bxc6 bxc6 9. O-O Bc5 10. f3 Ng5 11. f4 Ne4 12. Be3 Bb6 13. c3 c5 14. Nf3 Bb5 15. Re1 Bc6 16. e6 f6 17. Nbd2 Nxd2 18. Bxd2 Qd6 19. f5 O-O-O 20. Kh1 d4 21. cxd4 cxd4 22. a4 a6 23. Rc1 g6 24. e7 gxf5 25. exd8=Q+ Rxd8 26. a5 Ba7 27. Bf4 Qd7 28. Qc2 Kb7 29. Re7 1-0

[Event "27th OIBM 2024"]
[Site "Gmund am Tegernsee"]
[Date "2024.10.29"]
[Round "4.43"]
[White "Heigermoser, Robert"]
[Black "Wong, Gengchun"]
[Result "1-0"]
[ECO "B90"]
[WhiteElo "2102"]
[BlackElo "2295"]
[Annotator "RC"]
[PlyCount "87"]
[EventDate "2024.09.16"]
[EventType "swiss"]
[EventCountry "GER"]
[SourceTitle "playchess.com"]
[Source "ChessBase"]
[SourceQuality "1"]
[TimeControl "40/5400+30:1800+30"]

1. e4 c5 2. Nf3 d6 3. d4 cxd4 4. Nxd4 Nf6 5. Nc3 a6 6. Be3 e5 7. Nb3 Be6 8. h3 h5 9. f4 exf4 10. Bxf4 Nc6 11. Qe2 Nd7 12. O-O-O Nce5 13. Nd4 Rc8 14. Qe3 Qa5 15. a3 Be7 16. Nf5 Bxf5 17. exf5 Qb6 18. Qd2 Nf6 19. Bg5 O-O 20. Kb1 Rc6 21. Be3 Qc7 22. Bd4 Rc8 23. Be2 h4 24. g4 hxg3 25. Rhg1 Qd8 26. Qe3 Nfd7 27. Rxg3 Bh4 28. Rg2 Bf6 29. Rdg1 Rxc3 30. Bxc3 Kf8 31. Rd1 Qc7 32. Qd2 Ke7 33. Bb4 Nc5 34. Qd5 b5 35. Bh5 Rh8 36. Bg4 a5 37. Bxa5 Qb8 38. Bb4 Rc8 39. Bh5 Qc7 40. Re2 Kf8 41. Qxd6+ Qxd6 42. Rxd6 Kg8 43. Rxe5 Bxe5 44. Rd5 1-0

[Event "27th OIBM 2024"]
[Site "Gmund am Tegernsee"]
[Date "2024.10.29"]
[Round "4.44"]
[White "Ciak, Rene"]
[Black "Priyanka Nutakki"]
[Result "0-1"]
[ECO "D30"]
[WhiteElo "2097"]
[BlackElo "2289"]
[Annotator "RC"]
[PlyCount "40"]
[EventDate "2024.09.16"]
[EventType "swiss"]
[EventCountry "GER"]
[SourceTitle "playchess.com"]
[Source "ChessBase"]
[SourceQuality "1"]
[TimeControl "40/5400+30:1800+30"]

1. d4 d5 2. Nf3 Nf6 3. c4 e6 4. e3 Be7 5. Bd3 dxc4 6. Bxc4 a6 7. a3 O-O 8. O-O b5 9. Bd3 Bb7 10. Qe2 Nbd7 11. Rd1 Qc8 12. e4 c5 13. e5 Ne8 14. Be3 c4 15. Bc2 f5 16. exf6 Ndxf6 17. Ne5 Nd6 18. Nd2 Qe8 19. Bg5 Nd5 20. Ne4 Nf5 0-1

[Event "27th OIBM 2024"]
[Site "Gmund am Tegernsee"]
[Date "2024.10.29"]
[Round "4.45"]
[White "Isbilir, Levin"]
[Black "Schuster, Karsten"]
[Result "1/2-1/2"]
[ECO "B12"]
[WhiteElo "2092"]
[BlackElo "2283"]
[Annotator "RC"]
[PlyCount "38"]
[EventDate "2024.09.16"]
[EventType "swiss"]
[EventCountry "GER"]
[SourceTitle "playchess.com"]
[Source "ChessBase"]
[SourceQuality "1"]
[TimeControl "40/5400+30:1800+30"]

1. e4 c6 2. d4 d5 3. e5 Bf5 4. h4 h5 5. Bd3 Bxd3 6. Qxd3 e6 7. Nf3 Be7 8. c4 Nh6 9. Bxh6 Rxh6 10. g3 dxc4 11. Qxc4 Qd5 12. Qd3 Na6 13. Nc3 Nb4 14. Qe2 Qa5 15. O-O Qa6 16. Qd2 Rd8 17. a3 Nd5 18. Ne4 Qb6 19. Rac1 Ra8 1/2-1/2

[Event "27th OIBM 2024"]
[Site "Gmund am Tegernsee"]
[Date "2024.10.29"]
[Round "4.46"]
[White "Dehlinger, Alexander"]
[Black "Jahnz, Laurin"]
[Result "1-0"]
[ECO "A95"]
[WhiteElo "2276"]
[BlackElo "2086"]
[Annotator "RC"]
[PlyCount "85"]
[EventDate "2024.09.16"]
[EventType "swiss"]
[EventCountry "GER"]
[SourceTitle "playchess.com"]
[Source "ChessBase"]
[SourceQuality "1"]
[TimeControl "40/5400+30:1800+30"]

1. Nf3 d5 2. d4 Nf6 3. c4 e6 4. g3 Be7 5. Bg2 Ne4 6. O-O f5 7. Nc3 c6 8. Qc2 O-O 9. Rb1 a5 10. b3 Nd7 11. Bb2 Bd6 12. e3 g5 13. Ne1 g4 14. Nd3 Qg5 15. Ne2 h5 16. Nef4 Qh6 17. Ne5 Nxe5 18. dxe5 Bb8 19. Rbc1 Bd7 20. Rfd1 Re8 21. h4 gxh3 22. Bxe4 fxe4 23. Qe2 h4 24. Qg4+ Qg7 25. Qxh4 Rf8 26. Nh5 Qh7 27. Qg5+ Kh8 28. Nf6 Rxf6 29. exf6 h2+ 30. Kg2 e5 31. g4 Bd6 32. f7 Qxf7 33. Bxe5+ Bxe5 34. Qxe5+ Kg8 35. Qg5+ Kf8 36. f4 exf3+ 37. Kxh2 Re8 38. Rd4 Re4 39. Rxe4 dxe4 40. Kh3 Qe6 41. Rh1 f2 42. Kg3 Kf7 43. Rh8 1-0

[Event "27th OIBM 2024"]
[Site "Gmund am Tegernsee"]
[Date "2024.10.29"]
[Round "4.47"]
[White "Mitev, Valentin"]
[Black "Spence, Isaac"]
[Result "1-0"]
[ECO "D04"]
[WhiteElo "2274"]
[BlackElo "2077"]
[Annotator "RC"]
[PlyCount "125"]
[EventDate "2024.09.16"]
[EventType "swiss"]
[EventCountry "GER"]
[SourceTitle "playchess.com"]
[Source "ChessBase"]
[SourceQuality "1"]
[TimeControl "40/5400+30:1800+30"]

1. d4 d5 2. Nf3 Nf6 3. e3 c5 4. Nbd2 cxd4 5. exd4 Qc7 6. c3 Nc6 7. Bb5 Bg4 8. h3 Bh5 9. g4 Bg6 10. Ne5 Nd7 11. Ndf3 Be4 12. Nxd7 Bxf3 13. Nf6+ exf6 14. Qxf3 Rd8 15. Kf1 a6 16. Bf4 Bd6 17. Re1+ Kf8 18. Bxc6 bxc6 19. Bc1 h6 20. Kg2 Kg8 21. h4 Qd7 22. h5 a5 23. b3 Qc8 24. Re2 Qd7 25. Rhe1 Kh7 26. Qd3+ g6 27. hxg6+ Kg7 28. Qf3 Kxg6 29. Rh1 Rde8 30. Rxe8 Qxe8 31. Rxh6+ Rxh6 32. Qf5+ Kg7 33. Bxh6+ Kxh6 34. Qxf6+ Kh7 35. Qxd6 Qe4+ 36. Kg3 Qd3+ 37. Kh4 Qxc3 38. Qf6 Kg8 39. Qg5+ Kf8 40. Qe3 Qc2 41. a4 Qh7+ 42. Kg3 Qg6 43. f3 Qc2 44. g5 Qf5 45. Qf4 Qc2 46. Qf6 Kg8 47. Qe5 Kf8 48. Qh8+ Ke7 49. Qb8 Qd2 50. Qe5+ Kf8 51. g6 Qh6 52. gxf7 Qg6+ 53. Kf2 Kxf7 54. Qf4+ Ke8 55. Qb8+ Kf7 56. Qc7+ Ke8 57. Qxa5 Qc2+ 58. Ke3 Qxb3+ 59. Kf4 Kd7 60. Qa7+ Ke6 61. Qa8 Kd7 62. Qf8 Qc2 63. Qf5+ 1-0

[Event "27th OIBM 2024"]
[Site "Gmund am Tegernsee"]
[Date "2024.10.29"]
[Round "4.48"]
[White "Scheckenbach, Franz"]
[Black "Guth, Thomas"]
[Result "1/2-1/2"]
[ECO "C02"]
[WhiteElo "2076"]
[BlackElo "2261"]
[Annotator "RC"]
[PlyCount "136"]
[EventDate "2024.09.16"]
[EventType "swiss"]
[EventCountry "GER"]
[SourceTitle "playchess.com"]
[Source "ChessBase"]
[SourceQuality "1"]
[TimeControl "40/5400+30:1800+30"]

1. e4 e6 2. d4 d5 3. e5 c5 4. c3 Nc6 5. Nf3 Bd7 6. Be2 Qc7 7. O-O Nge7 8. Na3 a6 9. Nc2 c4 10. b3 cxb3 11. axb3 f6 12. exf6 gxf6 13. c4 Ng6 14. cxd5 exd5 15. Re1 Kf7 16. g3 Bd6 17. Bh6 Nce7 18. Bd3 Rhe8 19. Rc1 Rac8 20. Nb4 Qa5 21. Rxc8 Rxc8 22. Nc2 Qc7 23. Ne3 Bb4 24. Rf1 Bh3 25. Ng2 Qd7 26. Bd2 Bd6 27. Re1 Rg8 28. Nfh4 Qg4 29. Qxg4 Bxg4 30. f3 Bd7 31. Kf2 Rc8 32. Rc1 Rxc1 33. Bxc1 Bb4 34. f4 Bc3 35. Ke3 Nc6 36. Nf3 b5 37. f5 Nge7 38. g4 h5 39. h3 hxg4 40. hxg4 Bb4 41. Nf4 Ba5 42. Ba3 b4 43. Bc1 Bc8 44. Bd2 Bb6 45. Ne2 a5 46. Bb5 Bd7 47. Kd3 Bc8 48. Bf4 Na7 49. Ba4 Ba6+ 50. Kd2 Bb5 51. Bxb5 Nxb5 52. Kd3 Bc7 53. Bxc7 Nxc7 54. Nf4 Nc8 55. Nd2 Nd6 56. Ke3 Nb7 57. Nd3 Nd8 58. Nc5 Nc6 59. Kd3 Ke7 60. Nf3 Kd6 61. Nb7+ Ke7 62. Nc5 Nb5 63. Na4 Kd6 64. Ke3 Nd8 65. Kd3 Nb7 66. Nd2 Nd8 67. Nf3 Nb7 68. Nd2 Nd8 1/2-1/2